 Dungeon Crawl Stone Soup version 0.31.0-11-ge490571c62 (webtiles) character file.

Game seed: 9538009098624516156

19236 jagang the Carver (level 12, -7/103 HPs)
             Began as a Human Monk on Feb 9, 2024.
             Was a Priest of the Shining One.
             Killed from afar by Jorgrun (18 damage)
             ... with a blast of rock fragments
             ... on level 1 of the Orcish Mines.
             The game lasted 00:44:09 (9950 turns).

jagang the Carver (Human Monk)                      Turns: 9950, Time: 00:44:10

Health: -7/103     AC: 31    Str: 13    XL:     12   Next: 66%
Magic:  6/15       EV:  9    Int: 14    God:    the Shining One [***...]
Gold:   334        SH:  0    Dex: 25    Spells: 11/11 levels left

rFire   . . .        A - +3 great sword (flame)
rCold   . . .        (shield currently unavailable)
rNeg    + + .        y - +10 plate armour {ponderous}
rPois   .            P - +2 hat {Int+3}
rElec   .            Y - +1 cloak of Starlight {*Dazzle EV+4 Stlth--}
rCorr   .            o - +0 pair of gloves
SInv    .            T - +0 pair of boots
Will    .....        k - amulet of regeneration Stlth
                     C - +6 ring of dexterity
HPRegen 1.17/turn    t - ring of positive energy
MPRegen 0.14/turn

%: no passive effects
@: glowing, slow
A: explore regen
a: Renounce Religion, Divine Shield, Cleansing Flame


You were on level 1 of the Orcish Mines.
You worshipped the Shining One.
The Shining One was most pleased with you.
You visited 4 branches of the dungeon, and saw 16 of its levels.
You also visited: Ossuary.

You collected 2006 gold pieces.
You spent 1672 gold pieces at shops.

Inventory:

Hand Weapons
 c - a +3 rapier
 e - a +0 scimitar
 f - a +2 rapier of freezing
 A - a +3 great sword of flaming (weapon)
 L - a +1 long sword of flaming
Missiles
 j - 15 poisoned darts (quivered)
 m - 3 boomerangs
Armour
 o - a +0 pair of gloves (worn)
 y - a +10 plate armour of ponderousness (worn)
 G - a +0 buckler
 P - a +2 hat of intelligence (worn)
 T - a +0 pair of boots (worn)
 U - a +0 chain mail of fire resistance
 Y - the +1 cloak of Starlight (worn) {*Dazzle EV+4 Stlth--}
   (You bought it in a shop on level 11 of the Dungeon)

   *Dazzle:   It may blind those who miss an attack against the wearer in melee
   combat.
   EV+4:      It affects your evasion (+4).
   Stlth--:   It makes you much less stealthy.
Jewellery
 k - an amulet of regeneration (around neck)
 r - a +4 ring of protection
 t - a ring of positive energy (right hand)
 u - a ring of resist corrosion
 C - a +6 ring of dexterity (left hand)
 N - a +6 ring of strength
 O - an amulet of the acrobat
Wands
 q - a wand of charming (22)
 D - a wand of polymorph (3)
 W - a wand of flame (14)
Scrolls
 a - 2 scrolls of butterflies
 d - a scroll of identify
 h - 3 scrolls of poison
 n - 5 scrolls of teleportation
 w - a scroll of revelation
 x - 3 scrolls of amnesia
 z - a scroll of immolation
 E - 3 scrolls of vulnerability
 M - 2 scrolls of fear
 Q - a scroll of brand weapon
 R - a scroll of enchant weapon
 V - a scroll of silence
Potions
 b - 4 potions of curing
 g - 3 potions of invisibility
 i - 2 potions of brilliance
 l - 6 potions of cancellation
 p - 2 potions of might {unknown}
 s - a potion of berserk rage {unknown}
 v - 2 potions of heal wounds
 B - 2 potions of haste
 F - 2 potions of degeneration {unknown}
 H - a potion of resistance {unknown}
 K - 2 potions of enlightenment
 S - a potion of lignification {unknown}
 X - a potion of mutation {unknown}
Miscellaneous
 J - a lightning rod (4/4)


   Skills:
 * Level 12.3 Fighting
 * Level 12.3 Long Blades
 - Level 3.2 Throwing
 * Level 8.6 Armour
 - Level 3.0 Dodging
 + Level 6.2 Shields
 + Level 4.3 Invocations


You had 11 spell levels left.
You didn't know any spells.
Your spell library contained the following spells:

 Spells                   Type           Power      Damage    Failure   Level
 Sting                    Conj/Alch      0%         1d3       100%        1
 Mercury Vapours          Alch/Air       0%         N/A       100%        2
 Inner Flame              Hex/Fire       0%         N/A       100%        3
 Mephitic Cloud           Conj/Alch/Air  0%         N/A       100%        3
 Tukima's Dance           Hex            0%         N/A       100%        3
 Dimensional Bullseye     Hex/Tloc       0%         N/A       100%        4
 Flame Wave               Conj/Fire      0%         2d4       100%        4
 Iskenderun's Mystic Bla  Conj/Tloc      0%         2d3       100%        4
 Manifold Assault         Tloc           0%         N/A       100%        4
 Olgreb's Toxic Radiance  Alch           0%         N/A       100%        4
 Sticky Flame             Fire/Alch      0%         2d4       100%        4
 Freezing Cloud           Conj/Ice/Air   0%         6-21      100%        5
 Dispersal                Tloc           0%         N/A       100%        6
 Disjunction              Tloc           0%         N/A       100%        8


Dungeon Overview and Level Annotations

Branches:
Dungeon (12/15)            Temple (1/1) D:6            Lair (1/5) D:8
    Orc (2/2) D:12            Elf (0/3) Orc:2       Ossuary (visited)

Altars:
Ashenzari
Cheibriados
Dithmenos
Elyvilon
Fedhas
Gozag
Hepliaklqana
Kikubaaqudgha
Makhleb
Nemelex Xobeh
Okawaru
Qazlal
Ru
Sif Muna
Trog
Uskayaw
Vehumet
Wu Jian
Xom
Yredelemnul
Zin
The Shining One

Shops:
D:3 [   D:9 *   D:11 *(?(

Portals:
Abyss: D:10

Annotations:
D:10 2 transporters, Livid's ghost, novice DsSh
Orc:1 2 transporters, Jorgrun; madasgardian's ghost, journeyman OnAE


Innate Abilities, Weirdness & Mutations

You regain HP and MP as you explore.


Message History

The orc no longer looks unusually strong.
The orc hits you but does no damage.
You slash the orc! You burn the orc.
You kill the orc!
The orc priest no longer looks unusually strong.
You completely miss the orc priest. The orc hits you but does no damage.
The orc priest mumbles some strange prayers to Beogh against you.
Beogh smites you!
* * * LOW HITPOINT WARNING * * *
Unknown command.
You hit the orc priest. You burn the orc priest.
The orc priest is moderately wounded.
The orc hits you but does no damage.
The orc priest invokes the aid of Beogh against you.
You are unaffected.
You slice the orc priest!! You burn the orc priest.
You kill the orc priest!
The Shining One accepts your kill.
You feel better.
You feel your power returning.
You hit the orc. You burn the orc.
You kill the orc!
Jorgrun mutters some incantations to himself.
Hit: A) +3 great sword (flame)
Press: ? - help, Dir - move target, f - Jorgrun
Aim: Jorgrun, wielding a +0 heavy quarterstaff and wearing a +2 robe of cold resistance (haloed, about 27% to evade your +3 great sword of flaming)
Your weapon can't reach that far!
Okay, then.
Throw: 15 darts (poison)
Press: ? - help, Q - select action, (/) - cycle Shift-Dir - straight line, f - Jorgrun
Aim: Jorgrun, wielding a +0 heavy quarterstaff and wearing a +2 robe of cold resistance (haloed, 69% to hit)
Okay, then.
Throw: throwing net
Press: ? - help, Shift-Dir - straight line, f - Jorgrun
Aim: Jorgrun, wielding a +0 heavy quarterstaff and wearing a +2 robe of cold resistance (haloed, 69% to hit)
You throw a throwing net. The throwing net hits Jorgrun.
Jorgrun is caught in the net!
You feel yourself slow down.
Jorgrun points next to you and mumbles some strange words.
The wall shatters!
The blast of rock fragments hits you!!
You die...

*## ******* *#.###.*,*,,
*#......,,,,, ####
###.......,,,,,
##..#####.........,,>,,
##.....##).........,,,,, #
##......@)..........,,,,, ##
#####.....#.)))........#,,,,,
.####..#.#..###.g#.##.......,,,,,
..##.......## #..###*#......,,,,,
...##..#....# #..# *##.#.#,,*,,
..###...#...# #..# *,,...,,,,,
....##.##...#*#... **,*.#*,*,,
........#....#.... **,*,#**,,,
..............# *,,,,,***,,


You could see Jorgrun (caught).

Vanquished Creatures
  Gastronok (D:11)
  An orc warlord (Orc:1)
  Harold (D:11)
  4 two-headed ogres
  Nergalle (D:11)
  A deep elf pyromancer (D:12)
  An orc sorcerer (Orc:1)
  An ugly thing (D:11)
  Maurice (D:12)
  A cyclops (D:11)
  An unseen horror (D:8)
  An unseen horror zombie (D:9)
  2 hornets
  Prince Ribbit (D:8)
  3 slime creatures (D:12)
  Sigmund (D:4)
  A shadow (D:12)
  An air elemental (D:12)
  4 wraiths
  A vampire (D:11)
  22 yaks
  A wyvern (D:9)
  2 steam dragons
  A fire elemental (D:12)
  Edmund (D:4)
  2 acid dragons (D:11)
  4 water moccasins
  A black bear (D:4)
  2 ice beasts
  8 orc warriors
  A sky beast (D:8)
  4 ogres
  5 centaurs
  4 bullfrogs
  A kobold brigand (D:6)
  A scorpion (D:6)
  A wyvern zombie (D:9)
  A gnoll sergeant (D:8)
  An earth elemental (D:12)
  14 wights
  6 howler monkeys
  A centaur zombie (D:9)
  A spectral scorpion (Ossuary)
  3 bombardier beetles (D:5)
  4 hounds
  A jelly (D:8)
  10 orc priests
  3 centaur skeletons (Ossuary)
  An iguana (D:6)
  9 orc wizards
  A killer bee zombie (D:9)
  A crocodile zombie (Ossuary)
  8 mummies (Ossuary)
  4 adders
  6 gnolls
  3 shadow imps (D:7)
  2 white imps
  4 ufetubi (D:6)
  36 orcs
  6 ball pythons
  4 bats
  3 endoplasms
  7 goblins
  14 hobgoblins
  2 quokkas
  A frilled lizard (D:1)
  14 kobolds
  A kobold skeleton (Ossuary)
  4 orc skeletons (Ossuary)
  4 rats
  10 spectral rats (Ossuary)
280 creatures vanquished.

Vanquished Creatures (others)
  A water elemental (D:12)
  A human (D:9)
2 creatures vanquished.

Grand Total: 282 creatures vanquished

Notes
Turn   | Place    | Note
-------+----------+-------------------------------------------
     0 | D:1      | jagang the Human Monk began the quest for the Orb.
     0 | D:1      | Reached XP level 1. HP: 18/18 MP: 1/1
    78 | D:1      | Reached XP level 2. HP: 21/24 MP: 2/2
   702 | D:2      | Reached skill level 1 in Armour
   702 | D:2      | Reached XP level 3. HP: 30/30 MP: 3/3
   920 | D:2      | Reached XP level 4. HP: 37/37 MP: 4/4
  1430 | D:3      | Reached XP level 5. HP: 16/42 MP: 5/5
  1573 | D:3      | Found Pioc's Antique Armour Emporium.
  1708 | D:3      | Found a faded altar of an unknown god.
  1755 | D:3      | Found an iron altar of Okawaru.
  2089 | D:4      | Reached skill level 1 in Throwing
  2237 | D:4      | Noticed a black bear
  2251 | D:4      | Killed a black bear
  2252 | D:4      | Reached XP level 6. HP: 31/49 MP: 6/6
  2295 | D:4      | Noticed Edmund
  2316 | D:4      | Killed Edmund
  2317 | D:4      | Reached skill level 5 in Fighting
  2317 | D:4      | Reached skill level 5 in Long Blades
  2380 | D:4      | Found a sand-covered staircase.
  2385 | Ossuary  | Entered an ossuary
  2409 | Ossuary  | Reached XP level 7. HP: 48/56 MP: 7/7
  3080 | D:4      | Identified a scroll of acquirement
  3422 | D:4      | Acquired 994 gold pieces
  3489 | D:3      | Bought a glowing plate armour for 832 gold pieces
  3583 | D:5      | Entered Level 5 of the Dungeon
  3583 | D:5      | Noticed Sigmund
  3592 | D:4      | Reached XP level 8. HP: 64/64 MP: 8/8
  3619 | D:4      | Killed Sigmund
  3656 | D:5      | Found a snail-covered altar of Cheibriados.
  4135 | D:6      | Reached skill level 1 in Invocations
  4378 | D:6      | Reached XP level 9. HP: 58/72 MP: 10/10
  5072 | D:6      | Found a staircase to the Ecumenical Temple.
  5157 | Temple   | Entered the Ecumenical Temple
  5278 | D:7      | Noticed a two-headed ogre
  5288 | D:7      | Killed a two-headed ogre
  5289 | D:7      | Reached skill level 5 in Armour
  5477 | D:7      | Reached skill level 1 in Shields
  5544 | D:7      | Reached XP level 10. HP: 78/82 MP: 12/12
  5932 | D:8      | Found a staircase to the Lair.
  5973 | Lair:1   | Entered Level 1 of the Lair of Beasts
  6226 | D:8      | Killed an unseen horror
  6232 | D:8      | Noticed Prince Ribbit
  6250 | D:8      | Killed Prince Ribbit
  6544 | D:9      | Paralysed by a hornet for 3 turns
  6555 | D:9      | Paralysed by a hornet for 2 turns
  6597 | D:9      | Reached skill level 10 in Fighting
  6619 | D:9      | Found an ancient bone altar of Kikubaaqudgha.
  6669 | D:9      | Reached skill level 10 in Long Blades
  6851 | D:9      | Found a glowing golden altar of the Shining One.
  6856 | D:9      | Became a worshipper of the Shining One
  6856 | D:9      | Reached * piety under the Shining One
  6856 | D:9      | Reached ** piety under the Shining One
  6937 | D:9      | Reached XP level 11. HP: 88/90 MP: 13/13
  6943 | D:9      | Identified the +3 chain mail of the Leaf {Harm MP+9}
  6963 | D:9      | Found Tokhleysch's General Store.
  6979 | D:9      | Bought a scroll of identify for 28 gold pieces
  6979 | D:9      | Bought 2 potions of enlightenment for 140 gold pieces
  7046 | D:10     | Entered Level 10 of the Dungeon
  7146 | D:10     | Noticed a large abomination
  7149 | D:10     | Found a one-way gate to the infinite horrors of the Abyss.
  7149 | D:10     | Noticed Livid's ghost (novice DsSh)
  7164 | D:10     | Noticed a two-headed ogre
  7172 | D:10     | Killed a two-headed ogre
  7241 | D:10     | Noticed a skeletal warrior
  7251 | D:10     | Found a sacrificial altar of Ru.
  7385 | D:10     | Found a transporter.
  7602 | D:10     | Found a transporter.
  7944 | D:11     | Found Niffao's Weapon Boutique.
  8065 | D:11     | Noticed Gastronok
  8086 | D:11     | Killed Gastronok
  8127 | D:11     | Noticed a cyclops
  8128 | D:11     | Noticed a two-headed ogre
  8139 | D:11     | Killed a cyclops
  8155 | D:11     | Found Sudoiff's Magic Scroll Boutique.
  8162 | D:11     | Bought a scroll of brand weapon for 114 gold pieces
  8162 | D:11     | Bought a scroll of identify for 24 gold pieces
  8162 | D:11     | Bought a scroll of enchant weapon for 90 gold pieces
  8162 | D:11     | Bought a scroll of fear for 48 gold pieces
  8165 | D:11     | Found Wuweer's General Store.
  8168 | D:11     | Noticed Nergalle
  8191 | D:11     | Killed Nergalle
  8192 | D:11     | Reached skill level 5 in Shields
  8194 | D:11     | Killed a two-headed ogre
  8284 | D:11     | Noticed a two-headed ogre
  8288 | D:11     | Killed a two-headed ogre
  8369 | D:11     | Noticed a purple ugly thing
  8378 | D:11     | Killed a purple ugly thing
  8379 | D:11     | Reached XP level 12. HP: 100/100 MP: 14/14
  8398 | D:11     | Found Hisip's Weapon Shoppe.
  8408 | D:11     | Noticed Harold
  8414 | D:11     | Killed Harold
  9130 | D:12     | Noticed Maurice
  9138 | D:12     | Killed Maurice
  9202 | D:12     | Found a staircase to the Orcish Mines.
  9234 | D:12     | Found a large runed translucent door.
  9237 | D:12     | Found a large runed translucent door.
  9284 | D:12     | Reached *** piety under the Shining One
  9499 | D:12     | Paralysed by an air elemental for 1 turns
  9580 | D:11     | Bought the +1 cloak of Starlight {*Dazzle EV+4 Stlth--} for
                  | 396 gold pieces
  9580 | D:11     | Found the +1 cloak of Starlight {*Dazzle EV+4 Stlth--}
  9631 | Orc:1    | Entered Level 1 of the Orcish Mines
  9653 | Orc:1    | Noticed madasgardian's ghost (journeyman OnAE)
  9657 | Orc:1    | Found a transporter.
  9660 | Orc:1    | Found a transporter.
  9779 | Orc:1    | You fall into a shaft and drop 1 floor!
  9779 | Orc:2    | Entered Level 2 of the Orcish Mines
  9903 | Orc:1    | Noticed an orc warlord
  9943 | Orc:1    | Noticed Jorgrun
  9944 | Orc:1    | Killed an orc warlord
  9950 | Orc:1    | Killed from afar by Jorgrun

Illustrated notes

Levels and vault maps discovered:
D:1:      eino_arrival_water_star, layout_basic
D:2:      layout_loops_ring
D:3:      layout_rooms, hellmonk_okawaru_the_only_friend_you_need,
          dreamdust_ecumenical_altar_hidden_monk_grotto, serial_shops,
          nicolae_diamond_shop
D:4:      layout_loops_corners, nicolae_ossuary_entry_false_entrances,
          uniq_edmund
D:5:      layout_cave_pools, old_standard_altar, uniq_sigmund
D:6:      nicolae_cairo_tiling_large, layout_layer_cave,
          minmay_temple_entry_antechambers
D:7:      layout_layer_cave
D:8:      layout_rooms, dpeg_oklobed_lair, uniq_prince_ribbit1
D:9:      layout_long_grid, tgw_kikubaaqudgha, nicolae_tso_swordbearing_angel,
          serial_shops, shop, serial_undead, serial_undead_e, serial_undead_e,
          serial_undead_b, serial_undead_f
D:10:     layout_basic, nicolae_ru_awakened_eye, gammafunk_ghost_abyssal_escape,
          minmay_misc_feat_chi, chequers_arboretum
D:11:     layout_basic, serial_shops, shop, nicolae_shop_bloodbath_and_beyond,
          shop, shop, uniq_gastronok, uniq_harold, uniq_nergalle
D:12:     layout_long_grid, orc_0_dummy, chequers_serial_rivers_small_b,
          lightli_elemental_guards, uniq_maurice
Temple:   nicolae_temple_bog_church
Lair:1:   layout_long_grid, grunt_megastairs_1, lemuel_fruit_fields
Orc:1:    layout_caves, gammafunk_ghost_arena, uniq_jorgrun
Orc:2:    st_orc_ogre_mass, layout_diamond_mine, basic_altar, uniq_sonja

Skill      XL: |  1  2  3  4  5  6  7  8  9 10 11 12 |
---------------+-------------------------------------+-----
Armour         | 1 2 3 4 5 6 7 8 |  8.6
Fighting       | 4 5 6 7 8 10 11 12 | 12.3
Long Blades    | 4 5 6 7 8 10 11 12 | 12.3
Throwing       | 1 2 3 |  3.2
Invocations    | 1 3 4 |  4.3
Shields        | 1 3 5 6 |  6.2
Dodging        | |  3.0

Action                     |  1- 3 |  4- 6 |  7- 9 | 10-12 || total
---------------------------+-------+-------+-------+-------++-------
  Melee: Falchion          |    68 |   154 |    91 |       ||   313
         Great sword       |       |       |   176 |   341 ||   517
  Throw: Boomerang         |       |     4 |    28 |    13 ||    45
         Dart              |       |       |     6 |    15 ||    21
         Throwing net      |       |       |       |     2 ||     2
 Invoke: Cleansing Flame   |       |       |       |     3 ||     3
    Use: Scroll            |       |     5 |     9 |     8 ||    22
         Potion            |       |     1 |       |     5 ||     6
 Armour: Chain mail        |    67 |   214 |    88 |       ||   369
         Plate armour      |       |       |   287 |   487 ||   774
  Dodge: Dodged            |    17 |    85 |    77 |   105 ||   284
